PCL
REDWOOD CITY REDWOODS @ CALGARY COWBOYS
04/03/2028
 
TOP OF THE 1ST
Redwood City Redwoods batting - Pitching for Calgary Cowboys : RHP Brian Just
Pitching: RHP Brian Just
Batting: RHB Javier Ortíz 0-0: Foul Ball, location: 2F
0-1: Swinging Strike
0-2: Strikes out looking
Batting: LHB Mike Harris 0-0: Ball
1-0: Ball
2-0: Ball
3-0: Called Strike
3-1: SINGLE (Groundball, 4MD)
Batting: LHB Keith Green 0-0: SINGLE (Groundball, 34D)
Mike Harris to second
Runner from 2nd tries for 3rd, SAFE, no throw
Batting: LHB Vicente Chávez 0-0: Grounds into double play, 4-6-3 (Groundball, 4D)
Top of the 1st over - 0 run(s), 2 hit(s), 0 error(s), 1 left on base; Redwood City 0 - Calgary 0
BOTTOM OF THE 1ST
Calgary Cowboys batting - Pitching for Redwood City Redwoods : RHP Tony Meyer
Pitching: RHP Tony Meyer
Batting: RHB César Rodríguez 0-0: SINGLE (Flyball, 9S)
Batting: LHB Del Kennedy 0-0: Ball
1-0: Foul Ball, location: 2F
1-1: Ball
2-1: Foul Ball, location: 2F
2-2: Fielders Choice at 2nd, 5-4 (Groundball, 56)
Batting: RHB Tom Rowe 0-0: Ball
1-0: Ball
2-0: Ball
3-0: Base on Balls
Del Kennedy to second
Batting: RHB Dan Wyatt 0-0: Ball
1-0: Ball
2-0: Called Strike
2-1: Foul Ball, location: 2F
2-2: Fielders Choice at 2nd, 1-6 (Groundball, 13S)
Del Kennedy to third
Batting: LHB Miguel Pérez 0-0: Called Strike
0-1: Ball
1-1: Ball
2-1: Called Strike
2-2: Strikes out swinging
Bottom of the 1st over - 0 run(s), 1 hit(s), 0 error(s), 2 left on base; Redwood City 0 - Calgary 0
TOP OF THE 2ND
Redwood City Redwoods batting - Pitching for Calgary Cowboys : RHP Brian Just
Batting: LHB Marcos Vázquez 0-0: Ground out 4-3 (Groundball, 4)
Batting: RHB Héctor Vázquez 0-0: Ball
1-0: Foul Ball, location: 2F
1-1: Ball
2-1: Fly out, F8 (Flyball, 78M)
Batting: RHB Jesús Cuevas 0-0: Called Strike
0-1: Ball
1-1: Swinging Strike
1-2: Foul Ball, location: 2F
1-2: Foul Ball, location: 2F
1-2: Ground out 1-3 (Groundball, P)
Top of the 2nd over - 0 run(s), 0 hit(s), 0 error(s), 0 left on base; Redwood City 0 - Calgary 0
BOTTOM OF THE 2ND
Calgary Cowboys batting - Pitching for Redwood City Redwoods : RHP Tony Meyer
Batting: RHB Jorge Balencia 0-0: Ball
1-0: Called Strike
1-1: Swinging Strike
1-2: Strikes out swinging
Batting: LHB Freddy Herrera 0-0: Fly out, F8 (Flyball, 8RD)
Batting: RHB Shayne Burry 0-0: Ball
1-0: Foul Ball, location: 2F
1-1: Ball
2-1: Called Strike
2-2: Fly out, F8 (Flyball, 8LS)
Bottom of the 2nd over - 0 run(s), 0 hit(s), 0 error(s), 0 left on base; Redwood City 0 - Calgary 0
TOP OF THE 3RD
Redwood City Redwoods batting - Pitching for Calgary Cowboys : RHP Brian Just
Batting: RHB Gilberto León 0-0: Called Strike
0-1: SINGLE (Groundball, 4MD)
Batting: RHB David Strickland 0-0: Called Strike
0-1: Ball
1-1: Ball
2-1: Ball
3-1: Foul Ball, location: 2F
3-2: Strikes out swinging
Batting: RHB Javier Ortíz 0-0: Called Strike
0-1: Hit by Pitch
Gilberto León to second
Pinch Runner at 1st Richard Olvera:
Batting: LHB Mike Harris 0-0: Swinging Strike
0-1: SINGLE (Flyball, 89S)
Gilberto León to third
Richard Olvera to second
Runner from 3rd tries for Home, SAFE, throw made home
Richard Olvera to third
Mike Harris to second
Batting: LHB Keith Green 0-0: SINGLE (Groundball, 34D)
Richard Olvera scores
Mike Harris to third
Runner from 3rd tries for Home, SAFE, no throw
Batting: LHB Vicente Chávez 0-0: Called Strike
Keith Green steals 2nd base
0-1: Ball
1-1: Called Strike
1-2: Foul Ball, location: 2F
1-2: Ball
2-2: Foul Ball, location: 2F
2-2: Ground out 5-3 (Groundball, 56S)
Keith Green to third
Batting: LHB Marcos Vázquez 0-0: SINGLE (Groundball, 56S) (infield hit)
Keith Green scores
Batting: RHB Héctor Vázquez 0-0: Foul Ball, location: 2F
0-1: Fly out, F9 (Flyball, 9S)
Top of the 3rd over - 4 run(s), 4 hit(s), 0 error(s), 1 left on base; Redwood City 4 - Calgary 0
BOTTOM OF THE 3RD
Calgary Cowboys batting - Pitching for Redwood City Redwoods : RHP Tony Meyer
Batting: RHB Mario Sánchez 0-0: Ball
1-0: Ball
2-0: Foul Ball, location: 2F
2-1: SINGLE (Groundball, 56S) (infield hit)
Batting: RHB César Rodríguez 0-0: Ball
1-0: Called Strike
1-1: Ball
2-1: Fly out, F7 (Flyball, 7S)
Batting: LHB Del Kennedy 0-0: Ball
1-0: Called Strike
1-1: Ball
2-1: Called Strike
2-2: Ball
3-2: Foul Ball, location: 2F
3-2: Foul Ball, location: 2F
3-2: Base on Balls
Mario Sánchez to second
Batting: RHB Tom Rowe 0-0: Ball
Wild Pitch!
Mario Sánchez to third
Del Kennedy to second
1-0: Ground out 4-3 (Groundball, 4)
Mario Sánchez scores
Del Kennedy to third
Batting: RHB Dan Wyatt 0-0: Called Strike
0-1: Ball
1-1: SINGLE (Groundball, 6MD)
Del Kennedy scores
Batting: LHB Miguel Pérez 0-0: Swinging Strike
0-1: Foul Ball, location: 2F
0-2: Strikes out swinging
Bottom of the 3rd over - 2 run(s), 2 hit(s), 0 error(s), 1 left on base; Redwood City 4 - Calgary 2
TOP OF THE 4TH
Redwood City Redwoods batting - Pitching for Calgary Cowboys : RHP Brian Just
Batting: RHB Jesús Cuevas 0-0: Called Strike
0-1: Fly out, F6 (Popup, 6D)
Batting: RHB Gilberto León 0-0: Ball
1-0: Called Strike
1-1: Ground out 6-3 (Groundball, 6S)
Batting: RHB David Strickland 0-0: Called Strike
0-1: Ball
1-1: Ball
2-1: Foul Ball, location: 2F
2-2: Foul Ball, location: 2F
2-2: Foul Ball, location: 2F
2-2: Strikes out swinging
Top of the 4th over - 0 run(s), 0 hit(s), 0 error(s), 0 left on base; Redwood City 4 - Calgary 2
BOTTOM OF THE 4TH
Calgary Cowboys batting - Pitching for Redwood City Redwoods : RHP Tony Meyer
Batting: RHB Jorge Balencia 0-0: Ball
1-0: Called Strike
1-1: Ball
2-1: Fly out, F7 (Flyball, 7)
Batting: LHB Freddy Herrera 0-0: Ball
1-0: Ball
2-0: Ball
3-0: Foul Ball, location: 2F
3-1: SINGLE (Groundball, 23) (infield hit)
Batting: RHB Shayne Burry 0-0: Fly out, F1 (Line Drive, 15)
Batting: RHB Mario Sánchez 0-0: Ball
1-0: Called Strike
1-1: Ball
2-1: Swinging Strike
2-2: Ball
3-2: Base on Balls
Freddy Herrera to second
Batting: RHB César Rodríguez 0-0: Ball
1-0: SINGLE (Groundball, 56D)
Freddy Herrera to third
Mario Sánchez to second
Runner from 3rd tries for Home, SAFE, no throw
Batting: LHB Del Kennedy 0-0: Called Strike
0-1: Fielders Choice at 2nd, 4-6 (Groundball, 4)
Bottom of the 4th over - 1 run(s), 2 hit(s), 0 error(s), 1 left on base; Redwood City 4 - Calgary 3
TOP OF THE 5TH
Redwood City Redwoods batting - Pitching for Calgary Cowboys : RHP Brian Just
Batting: LHB Richard Olvera 0-0: Ground out 4-3 (Groundball, 4)
Batting: LHB Mike Harris 0-0: Ball
1-0: Called Strike
1-1: Fly out, F7 (Flyball, 7D)
Batting: LHB Keith Green 0-0: Ground out 5-3 (Groundball, 56)
Top of the 5th over - 0 run(s), 0 hit(s), 0 error(s), 0 left on base; Redwood City 4 - Calgary 3
BOTTOM OF THE 5TH
Calgary Cowboys batting - Pitching for Redwood City Redwoods : RHP Tony Meyer
Batting: RHB Tom Rowe 0-0: Swinging Strike
0-1: Fly out, F4 (Popup, 4D)
Batting: RHB Dan Wyatt 0-0: Swinging Strike
0-1: Ball
1-1: Called Strike
1-2: Ball
2-2: Strikes out looking
Batting: LHB Miguel Pérez 0-0: Swinging Strike
0-1: Swinging Strike
0-2: Foul Ball, location: 2F
0-2: Foul Ball, location: 2F
0-2: Strikes out swinging
Bottom of the 5th over - 0 run(s), 0 hit(s), 0 error(s), 0 left on base; Redwood City 4 - Calgary 3
TOP OF THE 6TH
Redwood City Redwoods batting - Pitching for Calgary Cowboys : RHP Brian Just
Batting: LHB Vicente Chávez 0-0: Ball
1-0: Ground out 4-3 (Groundball, 4D)
Batting: LHB Marcos Vázquez 0-0: Ball
1-0: Ground out 4-3 (Groundball, 4)
Batting: RHB Héctor Vázquez 0-0: Called Strike
0-1: Ball
1-1: Ball
2-1: Fly out, F3 (Popup, 3L)
Top of the 6th over - 0 run(s), 0 hit(s), 0 error(s), 0 left on base; Redwood City 4 - Calgary 3
BOTTOM OF THE 6TH
Calgary Cowboys batting - Pitching for Redwood City Redwoods : RHP Tony Meyer
Batting: RHB Jorge Balencia 0-0: Called Strike
0-1: Ball
1-1: Ground out 6-3 (Groundball, 6)
Batting: LHB Freddy Herrera 0-0: Ball
1-0: Ball
2-0: Ball
3-0: Called Strike
3-1: Swinging Strike
3-2: Strikes out swinging
Batting: RHB Shayne Burry 0-0: Called Strike
0-1: Ball
1-1: Ball
2-1: DOUBLE (Line Drive, 7LM)
Pitching: RHP Gil Paling
Batting: RHB Mario Sánchez 0-0: Called Strike
0-1: Swinging Strike
0-2: Fly out, F7 (Flyball, 7S)
Bottom of the 6th over - 0 run(s), 1 hit(s), 0 error(s), 1 left on base; Redwood City 4 - Calgary 3
TOP OF THE 7TH
Redwood City Redwoods batting - Pitching for Calgary Cowboys : RHP Brian Just
Batting: RHB Jesús Cuevas 0-0: Swinging Strike
0-1: Ground out 4-3 (Groundball, 4)
Batting: RHB Gilberto León 0-0: SINGLE (Flyball, 8RS) - OUT at second base trying to stretch hit.
Batting: RHB David Strickland 0-0: Ball
1-0: Foul Ball, location: 2F
1-1: Foul Ball, location: 2F
1-2: Ball
2-2: Foul Ball, location: 2F
2-2: Strikes out swinging
Top of the 7th over - 0 run(s), 1 hit(s), 0 error(s), 0 left on base; Redwood City 4 - Calgary 3
BOTTOM OF THE 7TH
Calgary Cowboys batting - Pitching for Redwood City Redwoods : RHP Gil Paling
Batting: RHB César Rodríguez 0-0: SOLO HOME RUN (Flyball, 78XD), Distance : 432 ft
Batting: LHB Del Kennedy 0-0: Ball
1-0: Called Strike
1-1: Swinging Strike
1-2: Ball
2-2: Fly out, F8 (Line Drive, 8LXD)
Batting: RHB Tom Rowe 0-0: Called Strike
0-1: Called Strike
0-2: Ball
1-2: Fly out, F8 (Flyball, 8RM)
Batting: RHB Dan Wyatt 0-0: Called Strike
0-1: Ball
1-1: Foul Ball, location: 2F
1-2: Ball
2-2: Ball
3-2: Ground out 5-3 (Groundball, 56)
Bottom of the 7th over - 1 run(s), 1 hit(s), 0 error(s), 0 left on base; Redwood City 4 - Calgary 4
TOP OF THE 8TH
Redwood City Redwoods batting - Pitching for Calgary Cowboys : RHP Brian Just
Batting: LHB Richard Olvera 0-0: Ball
1-0: Ball
2-0: Fly out, F6 (Popup, 6D)
Batting: LHB Mike Harris 0-0: Reached on error, E4 (Popup, 4)
Batting: LHB Keith Green 0-0: Foul Ball, location: 2F
0-1: Ball
1-1: Swinging Strike
1-2: 2-RUN HOME RUN (Flyball, 9D), Distance : 372 ft
Pitching: RHP Paul Barton
Batting: LHB Vicente Chávez 0-0: Ball
1-0: Ball
2-0: Ball
3-0: Base on Balls
Pitching: LHP Takayuki Ine
Batting: LHB Marcos Vázquez 0-0: Ball
1-0: Swinging Strike
1-1: Foul Ball, location: 2F
1-2: Strikes out swinging
Pitching: RHP Bernardo Romero
Batting: RHB Héctor Vázquez 0-0: Foul Ball, location: 2F
0-1: Foul Ball, location: 2F
0-2: Foul Ball, location: 2F
0-2: Ball
1-2: Ball
2-2: SINGLE (Line Drive, 56D)
Vicente Chávez to second
Pinch Hitting: LHB Frank Young 0-0: Foul Ball, location: 2F
0-1: Ball
1-1: Called Strike
1-2: SINGLE (Line Drive, 8RS)
Vicente Chávez to third
Héctor Vázquez to second
Batting: RHB Gilberto León 0-0: Ball
1-0: Ball
2-0: Foul Ball, location: 2F
2-1: Ball
3-1: Foul Ball, location: 2F
3-2: Strikes out swinging
Top of the 8th over - 2 run(s), 3 hit(s), 1 error(s), 3 left on base; Redwood City 6 - Calgary 4
BOTTOM OF THE 8TH
Calgary Cowboys batting - Pitching for Redwood City Redwoods : RHP Gil Paling
Now at 2B: Dave Lee
Batting: LHB Miguel Pérez 0-0: Foul Ball, location: 2F
0-1: Swinging Strike
0-2: Ball
1-2: Ball
2-2: Ball
3-2: Foul Ball, location: 2F
3-2: SINGLE (Line Drive, 8RS)
Pitching: RHP Pedro Cabrera
Batting: RHB Jorge Balencia 0-0: Ball
1-0: Reached on error, E5 (Groundball, 56)
Miguel Pérez to second
Pitching: LHP Sam McMillan
Batting: LHB Freddy Herrera 0-0: Bunt missed!
0-1: Ball
1-1: Sac Bunt - play at first, batter OUT! 1-4
Miguel Pérez to third
Jorge Balencia to second
Pitching: RHP Domingo Franco
Batting: RHB Shayne Burry 0-0: Ball
1-0: Called Strike
1-1: Swinging Strike
1-2: Foul Ball, location: 2F
1-2: Foul Ball, location: 2F
1-2: Ball
2-2: Ball
3-2: Strikes out swinging
Batting: RHB Mario Sánchez 0-0: Called Strike
0-1: Foul Ball, location: 2F
0-2: SINGLE (Line Drive, 89M)
Miguel Pérez scores
Jorge Balencia to third
Runner from 3rd tries for Home, SAFE, no throw
Batting: RHB César Rodríguez 0-0: Called Strike
0-1: SINGLE (Groundball, 6MD)
Mario Sánchez to second
Runner from 2nd tries for 3rd, SAFE, throw made to third
César Rodríguez to second
Batting: LHB Del Kennedy 0-0: Called Strike
0-1: Ball
1-1: Called Strike
1-2: Strikes out swinging
Bottom of the 8th over - 2 run(s), 3 hit(s), 1 error(s), 2 left on base; Redwood City 6 - Calgary 6
TOP OF THE 9TH
Redwood City Redwoods batting - Pitching for Calgary Cowboys : RHP Bernardo Romero
Pitching: LHP Alfredo Durán
Pinch Hitting: RHB Bob Campbell 0-0: Ball
1-0: Ball
2-0: Ball
3-0: Base on Balls
Batting: LHB Richard Olvera 0-0: Ball
1-0: SINGLE (Groundball, 4D)
Bob Campbell to second
Runner from 2nd tries for 3rd, SAFE, no throw
Batting: LHB Mike Harris 0-0: Called Strike
0-1: Ball
1-1: Called Strike
1-2: Strikes out swinging
Batting: LHB Keith Green 0-0: Ball
1-0: Fly out, F9 (Flyball, 9S)
Batting: LHB Vicente Chávez 0-0: Called Strike
0-1: Ball
1-1: Ball
2-1: Fly out, F8 (Flyball, 8LS)
Top of the 9th over - 0 run(s), 1 hit(s), 0 error(s), 2 left on base; Redwood City 6 - Calgary 6
BOTTOM OF THE 9TH
Calgary Cowboys batting - Pitching for Redwood City Redwoods : RHP Domingo Franco
Pitching: RHP David Bishop
Now at SS: Chris Hall
Batting: RHB Tom Rowe 0-0: Ball
1-0: Ball
2-0: Foul Ball, location: 2F
2-1: Ground out 5-3 (Groundball, 56)
Batting: RHB Dan Wyatt 0-0: Ball
1-0: Swinging Strike
1-1: Ball
2-1: Ball
3-1: Swinging Strike
3-2: Foul Ball, location: 2F
3-2: Base on Balls
Batting: LHB Miguel Pérez 0-0: Grounds into double play, 5-4-3 (Groundball, 56)
Bottom of the 9th over - 0 run(s), 0 hit(s), 0 error(s), 0 left on base; Redwood City 6 - Calgary 6
TOP OF THE 10TH
Redwood City Redwoods batting - Pitching for Calgary Cowboys : LHP Alfredo Durán
Batting: LHB Marcos Vázquez 0-0: Foul Ball, location: 2F
0-1: Ball
1-1: Called Strike
1-2: Fly out, F8 (Flyball, 8RXD)
Batting: RHB Héctor Vázquez 0-0: Called Strike
0-1: Fly out, F9 (Flyball, 9LS)
Pinch Hitting: RHB Luis Ramírez 0-0: Ball
1-0: Ball
2-0: Ground out U3 (Groundball, 3S)
Top of the 10th over - 0 run(s), 0 hit(s), 0 error(s), 0 left on base; Redwood City 6 - Calgary 6
BOTTOM OF THE 10TH
Calgary Cowboys batting - Pitching for Redwood City Redwoods : RHP David Bishop
Now at SS: Luis Ramírez
Batting: RHB Jorge Balencia 0-0: Called Strike
0-1: Called Strike
0-2: Strikes out swinging
Batting: LHB Freddy Herrera 0-0: Ball
1-0: Ball
2-0: Ball
3-0: Called Strike
3-1: Base on Balls
Pinch Runner at 1st Travis Colbert:
Batting: RHB Shayne Burry 0-0: Ball
Throwing error on steal attempt, E2
Travis Colbert to third
1-0: Intentional Walk
Batting: RHB Mario Sánchez 0-0: Swinging Strike
0-1: Called Strike
0-2: Foul Ball, location: 2F
0-2: Ball
1-2: Foul Ball, location: 2F
1-2: DOUBLE (Flyball, 8LXD)
Travis Colbert scores
Tuesday, August 8th, 2017 - OOTP Baseball 17.12 Build 75